 Dungeon Crawl Stone Soup version 0.22-a0-78-g0f8607c5c5 (webtiles) character file.

42 MrRokkomies the Vexing (level 3, -3/27 HPs)
             Began as a Vampire Arcane Marksman on Jan 17, 2018.
             Slain by an adder (4 damage)
             ... on level 2 of the Dungeon.
             The game lasted 00:03:20 (1686 turns).

MrRokkomies the Vexing (Vampire Arcane Marksman)    Turns: 1686, Time: 00:03:21

Health: -3/27      AC:  5    Str:  9    XL:     3   Next: 35%
Magic:  2/4        EV: 10    Int: 16    God:
Gold:   90         SH:  0    Dex: 14    Spells: 3/4 levels left

rFire    . . .     SeeInvis +   g - -1 dagger (curse)
rCold    . . .     Gourm    .   (no shield)
rNeg     + . .     Faith    .   j - +0 ring mail
rPois    .         Spirit   .   (no helmet)
rElec    .         Reflect  .   (no cloak)
rCorr    .         Harm     .   (no gloves)
MR       .....                  (no boots)
Stlth    +.........             (no amulet)
HPRegen  0.09/turn              (no ring)
MPRegen  0.09/turn              (no ring)

@: lethally poisoned (-3 -> -4)
A: fangs 3, see invisible, unbreathing
a: Bat Form


You were on level 2 of the Dungeon.
You were not thirsty.

You visited 1 branch of the dungeon, and saw 3 of its levels.

You collected 90 gold pieces.

Inventory:

Hand Weapons
 a - a +0 shortbow
 g - a cursed -1 dagger (weapon)
 k - a +2 dagger of electrocution
Missiles
 d - 39 arrows
Armour
 j - a +0 ring mail (worn)
Scrolls
 i - a scroll of identify
 l - 2 scrolls of noise
Potions
 b - a potion of heal wounds
 e - 2 potions of blood
 f - a potion of cancellation
 h - 2 potions of flight
 m - a potion of magic {unknown}
Books
 c - a book of Debilitation

   Spells                             Type                      Level
   a - Corona                         Hexes                        1
   b - Slow                           Hexes                        2
   c - Inner Flame                    Hexes/Fire                   3
   d - Portal Projectile              Hexes/Translocation          3
   e - Cause Fear                     Hexes                        4
   f - Leda's Liquefaction            Hexes/Earth                  4


   Skills:
 * Level 2.1 Fighting
 * Level 2.4 Bows
 - Level 2.1 Dodging
 - Level 1.0 Spellcasting
 - Level 4.4 Hexes


You had 3 spell levels left.
You knew the following spells:

 Your Spells              Type           Power        Failure   Level  Hunger
a - Corona                Hex            ##.....      11%         1    ##.....


Dungeon Overview and Level Annotations

Branches:
Dungeon (3/15)

Altars:
Gozag
Trog


Innate Abilities, Weirdness & Mutations

You have razor-sharp teeth.
You have supernaturally acute eyesight. (SInv)
You can survive without breathing.


Message History

Casting: Corona
Confirm with . or Enter, or press ? or * to list all spells.
Aiming: Corona
Press: ? - help, Shift-Dir - straight line, f/p - adder
Aim: an adder (moderately wounded, chance to defeat MR: 60%)
The adder is outlined in light.
You feel sick. The adder bites you.
* * * LOW HITPOINT WARNING * * *
The adder barely misses you.
You hit the adder but do no damage.
The adder is moderately wounded.
The adder bites you.
* * * LOW HITPOINT WARNING * * *
You hit the adder.
The adder is moderately wounded.
The adder closely misses you.
You hit the adder but do no damage.
The adder is moderately wounded.
* * * LOW HITPOINT WARNING * * *
You feel sick. The adder bites you but does no damage. The adder bites you.
You die...

####.##.#.......
#..#..#.
##.##.#....... .#
#.......
#........._... .#
##......
##.##.#....... .#
###.†.. ####.#.......
.# #..## ###.##..g..#
.# #.<..
#...####.####.# ##...
#####.............#
####
......###.##.##.@#
#####.# #.##....S# #.#
#.#####..#
#.###(#####..#######.#
#....(((.(.†.........#
#.########........>...
#.# #..########## #.#
#..# #.# #..#


You could see an adder.

Vanquished Creatures
  4 dart slugs
  A leopard gecko (D:2)
  A giant cockroach (D:1)
  7 goblins
  A hobgoblin (D:1)
  4 jackals (D:2)
  4 kobolds
  2 bats (D:1)
  2 frilled lizards (D:1)
  5 rats (D:1)
31 creatures vanquished.

Notes
Turn   | Place    | Note
-------+----------+-------------------------------------------
     0 | D:1      | MrRokkomies the Vampire Arcane Marksman began the quest for the Orb.
     0 | D:1      | Reached XP level 1. HP: 14/14 MP: 2/2
     5 | D:1      | Reached skill level 1 in Fighting
   165 | D:1      | Reached XP level 2. HP: 7/21 MP: 3/3
   451 | D:1      | HP: 1/22 [frilled lizard (2)]
   805 | D:1      | HP: 1/22 [goblin/dagger of electrocution (17)]
  1445 | D:2      | Found an opulent altar of Gozag.
  1452 | D:2      | Reached XP level 3. HP: 21/27 MP: 4/4
  1540 | D:2      | Found a bloodstained altar of Trog.
  1686 | D:2      | HP: 1/27 [poisoned by an adder]
  1686 | D:2      | Slain by an adder

Vault maps used:
D:1:      dpeg_arrival_orchard
D:2:      nicolae_gozag_seed_capital, old_standard_altar

Skill      XL: |  1  2 |
---------------+-------+-----
Fighting       | 1 2 |  2.1
Bows           | 2 |  2.4
Dodging        | |  2.1
Spellcasting   | |  1.0
Hexes          | |  4.4

Action                   || total
-------------------------++-------
Melee: Dagger            ||   207
       Bite              ||    20
 Fire: Shortbow          ||     1
 Cast: Corona            ||     2
  Use: Scroll            ||     5
       Potion            ||     1
 Stab: Sleeping          ||     3
  Eat: Corpse            ||     5
Armor: Robe              ||    10
       Ring mail         ||    57
Dodge: Dodged            ||   126

Table legend:
 A = Spawn XP
 B = Non-spawn XP
 C = Spawn XP percentage of total XP
 D = Spawn monster count
 E = Non-spawn monster count
 F = Spawn count percentage of total count
 G = Total turns spent on level
                    A         B        C        D         E        F      G
               +---------+---------+-------+---------+---------+-------+---------
         Total |       0 |      61 |   0.0 |       0 |      31 |   0.0 |  1686
               +---------+---------+-------+---------+---------+-------+---------
           D:1 |       0 |      38 |   0.0 |       0 |      21 |   0.0 |  1445
           D:2 |       0 |      23 |   0.0 |       0 |      10 |   0.0 |   237
               +---------+---------+-------+---------+---------+-------+---------
